 Dungeon Crawl Stone Soup version 0.31-a0-801-gc67433417a (webtiles) character file.

Game seed: 3852050913876630982

1504 Ijustatesigmund the Magician (level 8, -6/44 HPs)
             Began as a Deep Elf Fire Elementalist on Sept 20, 2023.
             Was a Believer of Vehumet.
             Mangled by a shadow (8 damage)
             ... on level 7 of the Dungeon.
             The game lasted 00:11:00 (6248 turns).

Ijustatesigmund the Magician (DEFE)                 Turns: 6248, Time: 00:11:00

Health: -6/44      AC:  4    Str:  5    XL:     8   Next: 52%
Magic:  7/20       EV: 13    Int: 23    God:    Vehumet [**....]
Gold:   371        SH:  0    Dex: 15    Spells: 8/21 levels left

rFire   . . .        f - +0 war axe
rCold   . . .        (no shield)
rNeg    . . .        a - +0 robe
rPois   +            l - +0 helmet
rElec   .            b - +0 cloak
rCorr   .            (no gloves)
SInv    .            (no boots)
Will    .....        (no amulet)
Stlth   ++           s - ring of poison resistance
HPRegen 0.27/turn    (no ring)
MPRegen 0.17/turn

%: no passive effects
@: no status effects
A: no striking features
a: Renounce Religion


You were on level 7 of the Dungeon.
You worshipped Vehumet.
Vehumet was pleased with you.
You visited 1 branch of the dungeon, and saw 7 of its levels.

You collected 371 gold pieces.

Inventory:

Hand Weapons
 f - a +0 war axe (weapon)
Missiles
 d - a throwing net
Armour
 a - a +0 robe (worn)
 b - a +0 cloak (worn)
 l - a +0 helmet (worn)
Jewellery
 s - a ring of poison resistance (left hand)
Wands
 q - a wand of iceblast (4)
Scrolls
 c - a scroll of fear
 i - a scroll of vulnerability
Potions
 e - a potion of lignification
 g - 4 potions of curing
 h - a potion of cancellation
 j - a potion of haste
 m - a potion of might
 p - a potion of berserk rage


   Skills:
 - Level 2.2 Fighting
 - Level 3.8 Dodging
 - Level 2.4 Stealth
 + Level 7.2 Spellcasting
 + Level 5.4 Conjurations
 + Level 6.4 Fire Magic
 + Level 2.7 Air Magic
 + Level 2.8 Poison Magic
 - Level 2.1 Evocations


You had 8 spell levels left.
You knew the following spells:

 Your Spells              Type           Power      Damage    Failure   Level
a - Foxfire               Conj/Fire      100%       2x1d9     1%          1
b - Scorch                Fire           74%        2d8       1%          2
c - Flame Wave            Conj/Fire      35%        2d10      6%          4
d - Magic Dart            Conj           100%       1d8       1%          1
e - Swiftness             Air            20%        N/A       8%          3
f - Poisonous Vapours     Pois/Air       40%        N/A       3%          2

Your spell library contained the following spells:

 Spells                   Type           Power      Damage    Failure   Level
 Inner Flame              Hex/Fire       23%        N/A       6%          3
 Volatile Blastmotes      Fire/Tloc      46%        2d13      6%          3
 Summon Small Mammal      Summ           32%        N/A       8%          1
 Ensorcelled Hibernation  Hex/Ice        16%        N/A       12%         2
 Jinxbite                 Hex            16%        N/A       12%         2
 Passwall                 Tmut/Erth      6%         N/A       12%         2
 Call Canine Familiar     Summ           8%         N/A       22%         3
 Summon Guardian Golem    Hex/Summ       8%         N/A       22%         3
 Anguish                  Hex/Necr       4%         N/A       58%         4


Dungeon Overview and Level Annotations

Branches:
Dungeon (7/15)             Temple (0/1) D:6

Altars:
Elyvilon
Gozag
Vehumet


Message History

Vehumet accepts your kill.
Casting: Scorch (safe; 1% risk of failure)
Confirm with . or Enter, or press ? or * to list all spells.
You can't see any susceptible monsters within range! (Use Z to cast anyway.)
You hear the hiss of an avalanche of sand nearby.
A shadow comes into view.
Casting: Scorch (safe; 1% risk of failure)
Confirm with . or Enter, or press ? or * to list all spells.
You conjure some foxfire!
Casting: Foxfire (safe; 1% risk of failure)
Confirm with . or Enter, or press ? or * to list all spells.
You conjure some foxfire!
The foxfire hits the shadow.
The shadow is lightly damaged.
The foxfire hits the shadow.
The shadow is heavily damaged.
The shadow slips into darkness.
The shadow flickers and vanishes!
Deactivating autopickup; reactivate with Ctrl-A.
Casting: Foxfire (safe; 1% risk of failure)
Confirm with . or Enter, or press ? or * to list all spells.
You conjure some foxfire!
The foxfire hits something. x2
The shadow strikes at you from the darkness!
Ouch! That really hurt!
* * * LOW HITPOINT WARNING * * *
Reactivating autopickup.
Casting: Foxfire (safe; 1% risk of failure)
Confirm with . or Enter, or press ? or * to list all spells.
You conjure some foxfire!
The shadow misses you.
The foxfire hits the shadow.
The shadow is severely damaged.
The foxfire hits the shadow but does no damage.
The shadow is severely damaged.
The shadow hits you.
* * * LOW HITPOINT WARNING * * *
Casting: Foxfire (safe; 1% risk of failure)
Confirm with . or Enter, or press ? or * to list all spells.
You conjure some foxfire!
The shadow hits you!
You die...

#..[.. ..## ..... ... #
. .... ... .# .. ...
..$.# #. ..##.#..# ..
#.##.))....# #..
#.#.##vv...# #[..
#...).@....#
..##...##.....W.#.....
..#.............#. ...
#..>...#..#.#.....# .
........ ##...#........
#.##....##.............
#..............#.......
#.....#................
......#...##.#.........


You could see a shadow (ally target).

Vanquished Creatures
  A sky beast (D:7)
  2 orc warriors
  An ogre (D:5)
  3 phantoms
  A bullfrog (D:6)
  3 scorpions
  2 jellies (D:5)
  A gnoll bouda (D:7)
  2 hounds
  An orc priest (D:6)
  2 iguanas
  A sleepcap (D:5)
  4 orc wizards
  11 gnolls
  9 adders
  A shadow imp (D:7)
  A dart slug (D:1)
  8 orcs
  9 bats
  10 endoplasms
  5 giant cockroaches
  5 goblins
  3 hobgoblins
  12 quokkas
  4 ball pythons
  3 frilled lizards
  9 kobolds
  3 rats
117 creatures vanquished.

Vanquished Creatures (others)
  291 foxfires
291 creatures vanquished.

Grand Total: 408 creatures vanquished

Notes
Turn   | Place    | Note
-------+----------+-------------------------------------------
     0 | D:1      | Ijustatesigmund the Deep Elf Fire Elementalist began the
                  | quest for the Orb.
     0 | D:1      | Reached XP level 1. HP: 10/10 MP: 6/6
   141 | D:1      | Found a faded altar of an unknown god.
   257 | D:1      | Reached XP level 2. HP: 16/16 MP: 4/8
   260 | D:1      | Learned a level 2 spell: Scorch
  1097 | D:2      | Reached XP level 3. HP: 20/20 MP: 8/10
  1149 | D:2      | Reached skill level 1 in Fighting
  1323 | D:2      | Found a radiant altar of Vehumet.
  1336 | D:2      | Became a worshipper of Vehumet
  1850 | D:3      | Reached XP level 4. HP: 22/25 MP: 5/11
  1855 | D:3      | Learned a level 4 spell: Flame Wave
  2014 | D:3      | Found a white marble altar of Elyvilon.
  2039 | D:3      | Identified the +0 ring mail of Zevig {-Cast Will+++ Str-3
                  | Dex+8}
  2536 | D:3      | Reached skill level 4 in Spellcasting
  3156 | D:4      | Reached * piety under Vehumet
  3156 | D:4      | Offered knowledge of Magic Dart by Vehumet.
  3245 | D:4      | Reached skill level 1 in Evocations
  3245 | D:4      | Reached XP level 5. HP: 30/30 MP: 9/13
  3247 | D:4      | Learned a level 1 spell: Magic Dart
  3542 | D:5      | Entered Level 5 of the Dungeon
  3604 | D:5      | Noticed an ogre
  3609 | D:5      | Killed an ogre
  3610 | D:5      | Reached XP level 6. HP: 34/35 MP: 3/15
  3616 | D:5      | Reached skill level 5 in Spellcasting
  3930 | D:5      | Reached skill level 5 in Fire Magic
  4093 | D:5      | Reached XP level 7. HP: 40/40 MP: 6/17
  4398 | D:5      | Found an opulent altar of Gozag.
  4586 | D:5      | Reached skill level 6 in Spellcasting
  4689 | D:5      | Learned a level 3 spell: Swiftness
  4916 | D:6      | Reached ** piety under Vehumet
  4916 | D:6      | Offered knowledge of Poisonous Vapours by Vehumet.
  4987 | D:6      | Learned a level 2 spell: Poisonous Vapours
  5172 | D:6      | Reached skill level 1 in Air Magic
  5232 | D:6      | Found a staircase to the Ecumenical Temple.
  5265 | D:6      | Reached skill level 1 in Poison Magic
  5274 | D:6      | Reached XP level 8. HP: 41/44 MP: 13/19
  5947 | D:7      | Reached skill level 5 in Conjurations
  6168 | D:7      | Reached skill level 7 in Spellcasting
  6247 | D:7      | HP: 2/44 [shadow (4)]
  6248 | D:7      | Mangled by a shadow

Illustrated notes

Levels and vault maps discovered:
D:1:      heliophobic_arrival_glass_houses, layout_loops_cross,
          hellmonk_ecumenical_altar_arch_garden, minivault_27, minivault_27
D:2:      layout_basic, basic_altar, minivault_26
D:3:      layout_loops_corners, mainiacjoe_overflow_cross_hatched
D:4:      layout_cave_pools
D:5:      layout_gridville, amcnicky_altar_gilded, gup_sewer_entry_pipe
D:6:      layout_basic, minmay_temple_entry_statues_pillars, minivault_4
D:7:      layout_cave_pools, mainiacjoe_overflow_alcove_2, enter_ossuary_5

Skill      XL: |  1  2  3  4  5  6  7  8 |
---------------+-------------------------+-----
Fighting       | 1 2 |  2.2
Conjurations   | 2 3 4 5 |  5.4
Fire Magic     | 4 5 6 |  6.4
Spellcasting   | 4 5 6 7 |  7.2
Evocations     | 1 2 |  2.1
Dodging        | 3 |  3.8
Air Magic      | 1 2 |  2.7
Poison Magic   | 1 2 |  2.8
Stealth        | |  2.4

Action                     |  1- 3 |  4- 6 |  7- 9 || total
---------------------------+-------+-------+-------++-------
   Cast: Foxfire           |    71 |    60 |    42 ||   173
         Scorch            |     5 |    19 |    26 ||    50
         Magic Dart        |       |    12 |    11 ||    23
         Flame Wave        |       |     2 |     5 ||     7
  Evoke: Wand              |       |       |     5 ||     5
    Use: Scroll            |       |    12 |     6 ||    18
         Potion            |       |     2 |       ||     2
 Armour: Robe              |     4 |    13 |    22 ||    39
  Dodge: Dodged            |     9 |    15 |    19 ||    43

Table legend: (Time is in decaauts)
 A = Elapsed time spent in this place.
 B = Non-inter-level travel time spent in this place.
 C = Inter-level travel time spent in this place.
 D = Time resting spent in this place.
 E = Time spent auto-exploring this place.
 F = Levels seen in this place.
 G = Mean time per level.
                   A        B        C        D        E       F      G
               +--------+--------+--------+--------+--------+-----+--------+
         Total |   6250 |   6131 |    119 |    244 |   5085 |   7 |  892.9 |
       Dungeon |   6250 |   6131 |    119 |    244 |   5085 |   7 |  892.9 |
               +--------+--------+--------+--------+--------+-----+--------+

Top non-repeatable levels by time:
     D:5: 1365 daAuts
     D:6: 1031 daAuts
     D:3: 993 daAuts
     D:1: 958 daAuts
     D:2: 859 daAuts
     D:4: 728 daAuts
     D:7: 313 daAuts
